 Dungeon Crawl Stone Soup version 0.27.1-35-g4d5d836560 (webtiles) character file.

Game seed: 2123296649343154168

238 Froggeryz the Sneak (level 6, -6/42 HPs)
             Began as an Octopode Brigand on Mar 23, 2022.
             Mangled by Edmund (10 damage)
             ... on level 4 of the Dungeon.
             The game lasted 00:04:46 (3413 turns).

Froggeryz the Sneak (Octopode Brigand)              Turns: 3413, Time: 00:04:46

Health: -6/42      AC:  1    Str: 10    XL:     6   Next: 7%
Magic:  8/8        EV: 12    Int: 16    God:
Gold:   146        SH:  0    Dex: 13    Spells: 6/8 levels left

rFire    . . .     SeeInvis .   a - +2 dagger
rCold    . . .     Faith    .   (no shield)
rNeg     . . .     Spirit   .   (helmet restricted)
rPois    .         Reflect  .   (no amulet)
rElec    .         Harm     .   (no ring)
rCorr    .         Rampage  .   (no ring)
Will     .....                  (no ring)
Stlth    ++++......             (no ring)
HPRegen  0.14/turn              (no ring)
MPRegen  0.11/turn              (no ring)
                                (no ring)
                                (no ring)

@: no status effects
A: almost no armour, amphibious, 8 rings, camouflage 1, gelatinous body 1,
(nimble swimmer 1), tentacles
a: no special abilities


You were on level 4 of the Dungeon.
You visited 1 branch of the dungeon, and saw 4 of its levels.

You collected 146 gold pieces.

Inventory:

Hand Weapons
 a - a +2 dagger (weapon)
Jewellery
 o - a ring of ice
Scrolls
 d - a scroll of enchant armour {unknown}
 e - 2 scrolls of fog {unknown}
 f - a scroll of fear {unknown}
 g - 2 scrolls of noise {unknown}
 h - a scroll of enchant weapon {unknown}
 i - a scroll of amnesia {unknown}
 j - 2 scrolls of immolation {unknown}
 n - a scroll of identify {unknown}
Potions
 k - a potion of heal wounds {unknown}
 l - 2 potions of curing {unknown}
 m - a potion of haste {unknown}


   Skills:
 + Level 3.6 Fighting
 * Level 4.8 Short Blades
 - Level 2.0 Throwing
 - Level 1.0 Dodging
 - Level 5.3 Stealth
 + Level 1.7 Spellcasting


You had 6 spell levels left.
You knew the following spells:

 Your Spells              Type           Power      Damage    Failure   Level
a - Blink                 Tloc           N/A        N/A       32%         2

Your spell library contained the following spells:

 Spells                   Type           Power      Damage    Failure   Level
 Manifold Assault         Tloc           1%         N/A       99%         5
 Storm Form               Tmut/Air       0%         N/A       100%        7


Dungeon Overview and Level Annotations

Branches:
Dungeon (4/15)
 Temple: D:4-7

Altars:
Elyvilon
Makhleb
Nemelex Xobeh
Uskayaw

Annotations:
D:3 Grinder
D:4 Edmund


Innate Abilities, Weirdness & Mutations

You cannot wear most types of armour.
You are amphibious.
You can wear up to eight rings at the same time.
Your skin changes colour to match your surroundings (Stealth+).
Your rubbery body absorbs attacks. (AC +1, EV +1)
((You are camouflaged near water. (Stealth+)))
You have tentacles for arms and can constrict up to eight enemies at once.


Message History

Throw: dart (poison)
Press: ? - help, Q - select action, (/) - cycle Shift-Dir - straight line, f/p - Edmund
Aim: Edmund, wielding a +3 flail of protection and wearing a +0 chain mail (almost dead, 67% to hit)
You throw a poisoned dart.
The poisoned dart closely misses Edmund.
Edmund looks rather jealous.
You hit the orc but do no damage. You grab the orc.
You squeeze the orc, but do no damage.
You constrict the orc, but do no damage.
The orc hits you with a +0 club.
* * * LOW HITPOINT WARNING * * *
You release your grip on the orc.
Edmund clears his throat.
You barely miss the orc. Your grab misses the orc. Your squeeze misses the orc.
The orc barely misses you.
You hit the orc but do no damage. You grab the orc.
You constrict the orc, but do no damage.
Edmund says, "I might not be good at magic, but I can still kill you!"
The orc hits you with a +0 club.
* * * LOW HITPOINT WARNING * * *
You hit the orc but do no damage.
You constrict the orc, but do no damage.
You barely miss the orc. You constrict the orc.
The orc hits you with a +0 club.
* * * LOW HITPOINT WARNING * * *
You hit the orc but do no damage. You squeeze the orc, but do no damage.
The orc is lightly wounded.
You constrict the orc. The orc barely misses you.
You hit the orc but do no damage.
The orc is lightly wounded.
You constrict the orc. The orc hits you with a +0 club.
* * * LOW HITPOINT WARNING * * *
You hit the orc.
You kill the orc!
Edmund says, "I might not be good at magic, but I can still kill you!"
You hit Edmund but do no damage. You grab Edmund.
Edmund is almost dead.
You constrict Edmund, but do no damage.
Edmund hits you with a +3 flail of protection!
You die...

# ...................#'###
#.≈≈≈≈≈≈≈≈...........#....
#.≈.......≈[.........#....
#.≈.#####(≈..........#....
.≈.....#.≈.##########....
#._.#.≈........ +....
#.....≈.#...... #####
≈.#####@≈.#......
≈......@≈........
≈≈≈≈≈≈≈≈≈........
.................
#######..##...### ##..
#+## .... ...# ..#


You could see Edmund.

Vanquished Creatures
  An ogre (D:4)
  A hound (D:4)
  Terence (D:3)
  4 adders
  A worm (D:3)
  2 dart slugs
  An orc (D:4)
  4 bats
  5 endoplasms
  3 giant cockroaches
  7 goblins
  6 hobgoblins
  2 quokkas
  3 ball pythons
  2 frilled lizards (D:1)
  9 kobolds
  4 rats
56 creatures vanquished.

Vanquished Creatures (others)
  4 toadstools (D:1)
4 creatures vanquished.

Grand Total: 60 creatures vanquished

Notes
Turn   | Place    | Note
-------+----------+-------------------------------------------
     0 | D:1      | Froggeryz the Octopode Brigand began the quest for the Orb.
     0 | D:1      | Reached XP level 1. HP: 14/14 MP: 1/1
   289 | D:1      | Reached XP level 2. HP: 19/19 MP: 2/2
   955 | D:2      | Reached XP level 3. HP: 25/25 MP: 3/3
  1218 | D:2      | Found a white marble altar of Elyvilon.
  1725 | D:2      | Found a faded altar of an unknown god.
  1900 | D:2      | Learned a level 2 spell: Blink
  1986 | D:3      | Reached XP level 4. HP: 19/30 MP: 4/4
  2215 | D:3      | Noticed Terence
  2226 | D:3      | Killed Terence
  2612 | D:3      | Found a hide-covered altar of Uskayaw.
  2761 | D:3      | Reached XP level 5. HP: 36/36 MP: 6/6
  2851 | D:3      | Found a burning altar of Makhleb.
  2953 | D:3      | Noticed Grinder
  3091 | D:3      | Reached skill level 1 in Spellcasting
  3101 | D:4      | Noticed an ogre
  3112 | D:4      | Killed an ogre
  3239 | D:4      | Reached XP level 6. HP: 35/42 MP: 8/8
  3317 | D:4      | Noticed Edmund
  3380 | D:4      | Found a sparkling altar of Nemelex Xobeh.
  3413 | D:4      | Mangled by Edmund

Illustrated notes

Levels and vault maps discovered:
D:1:      ldierk_water_garden, layout_basic
D:2:      layout_basic, dreamdust_ecumenical_altar_angels_and_demons,
          basic_altar, kennysheep_path_1
D:3:      layout_basic, mainiacjoe_overflow_alcove_2, lightli_temple_of_fire,
          uniq_terence, uniq_grinder
D:4:      layout_gridville, mainiacjoe_overflow_brackets,
          hangedman_decor_diamond_cutter, chequers_serial_rivers_micro_a,
          uniq_edmund

Skill      XL: |  1  2  3  4  5 |
---------------+----------------+-----
Short Blades   | 3 4 |  4.8
Fighting       | 3 |  3.6
Spellcasting   | 1 |  1.7
Throwing       | |  2.0
Dodging        | |  1.0
Stealth        | |  5.3

Action                   |  1- 3 |  4- 6 || total
-------------------------+-------+-------++-------
Melee: Dagger            |    65 |    75 ||   140
       Constrict         |    14 |    12 ||    26
       Tentacles         |     7 |    15 ||    22
Throw: Dart              |       |    15 ||    15
 Stab: Sleeping          |    11 |     6 ||    17
Armor: Skin              |     6 |     6 ||    12
Dodge: Dodged            |    32 |    41 ||    73
